 Dungeon Sprint DCSS version 0.30-a0-632-g346586fe48 (webtiles) character file.

Game seed: 3686383316859168117

371 jt the Prestidigitator (level 7, -5/52 HPs)
             Began as a Formicid Artificer on Jan 14, 2023.
             Was an Initiate of Gozag.
             Slain by an ice devil (12 damage)
             ... summoned by a kobold demonologist
             ... in the Dungeon (Sprint III: "The Ten Rune Challenge").
             The game lasted 00:02:11 (301 turns).

jt the Prestidigitator (Formicid Artificer)          Turns: 301, Time: 00:02:11

Health: -5/52      AC:  4    Str: 18    XL:     7   Next: 2%
Magic:  7/7        EV: 13    Int: 14    God:    Gozag
Gold:   21         SH:  0    Dex: 13    Spells: 6/6 levels left

rFire   . . .      SeeInvis +    t - +3 quarterstaff (chaos)
rCold   . . .      Faith    .    (no shield)
rNeg    . . .      Spirit   .    n - +1 robe
rPois   .          Reflect  .    (helmet unavailable)
rElec   .          Harm     .    u - +0 cloak
rCorr   .          Rampage  .    (no gloves)
Will    .....                    (no boots)
Stlth   +++                      (no amulet)
HPRegen 0.28/turn                (no ring)
MPRegen 0.10/turn                (no ring)

@: no status effects
A: permanent stasis, dig shafts and tunnels, antennae 3, four strong arms,
clever 1, wild magic 2
a: Dig, Renounce Religion, Potion Petition, Call Merchant, Bribe Branch


You were in the Dungeon.
You worshipped Gozag.
Gozag was noncommittal.
You visited 1 branch You collected 21 gold pieces.

Inventory:

Hand Weapons
 a - a +0 club
 m - a +0 dagger
 t - a +3 quarterstaff of chaos (weapon)
Armour
 b - a +0 leather armour
 n - a +1 robe (worn)
 u - a +0 cloak (worn)
Wands
 c - a wand of flame (11) (quivered)
 d - a wand of charming (14)
 e - a wand of iceblast (2)
Scrolls
 k - a scroll of blinking
 l - 2 scrolls of magic mapping {unknown}
 o - 2 scrolls of immolation {unknown}
 p - 4 scrolls of identify
Potions
 f - a potion of curing
 g - a potion of heal wounds
 h - a potion of haste
 i - 2 potions of magic
 j - a potion of berserk rage
 q - 4 potions of flight
 r - 3 potions of mutation
 s - a potion of degeneration {unknown}
Miscellaneous
 v - a phantom mirror


   Skills:
 + Level 3.5 Fighting
 + Level 2.9 Maces & Flails
 + Level 4.1 Armour
 + Level 3.2 Dodging
 + Level 4.2 Stealth
 + Level 13.0 Evocations


You had 6 spell levels left.
You didn't know any spells.
Your spell library was empty.

Dungeon Overview and Level Annotations

Branches:
Dungeon (1/1)

Altars:
Cheibriados
Dithmenos
Fedhas
Gozag
Hepliaklqana
Kikubaaqudgha
Makhleb
Nemelex Xobeh
Qazlal
Ru
Sif Muna
Vehumet
Xom
Yredelemnul
Jiyva
Lugonu


Innate Abilities, Weirdness & Mutations

You cannot be hasted, slowed, berserked, paralysed or teleported.
You can dig through walls and to a lower floor.
You have a pair of large antennae on your head. (SInv)
Your four strong arms can wield two-handed weapons with a shield.
Your mind is acute. (Int +4, Str/Dex -1)
Your spells are harder to cast, but more powerful.


Message History

There is an open door here.
You close the door.
There is an open door here.
You start resting.
HP restored.
There is a fountain of clear blue water here.
You open the door.
Found a radiant altar of Vehumet.
A wizard and a kobold demonologist come into view.
Found a book of Air and a book of Touch.
Found two altars.
The wizard shouts!
The kobold demonologist shouts!
The wizard gestures wildly while chanting.
The wizard blinks!
There is an open door here.
The kobold demonologist hits you with a +0 dagger.
You miss the kobold demonologist.
The kobold demonologist closely misses you.
The kobold demonologist gestures wildly while chanting.
You see here a book of Air.
You closely miss the kobold demonologist.
The kobold demonologist mumbles some strange words.
The ice devil hits you! The ice devil freezes you!!
The wizard casts a spell.
The wizard flickers and vanishes for a moment.
The kobold demonologist barely misses you.
Aiming: Throw Flame
Press: ? - help, Shift-Dir - straight line, f - sixfirhy
Aim: a sixfirhy (summoned, 50% to hit)
Okay, then.
Okay, then.
You miss the kobold demonologist.
Your punch misses the kobold demonologist.
The sixfirhy misses you. The sixfirhy closely misses you.
The sixfirhy hits you but does no damage.
The sixfirhy closely misses you. The ice devil hits you!
* * * LOW HITPOINT WARNING * * *
The ice devil freezes you!
You die...
Your body crumbles into a pile of gold. #.......#..#..#{ {#._#$${{{ ##.##..†#..#..###+#+###'## ${{{

##.###..##'#..#..........#$
{{{
###.##..###...'.⌠........#$$
$
#..##..####..†#...######'#$
$ ...##..###....#p⌠.#__#...#
..##...##.....#...#__#...#
.##....#......#'###v_#...#
###..##.#.....#.@:#_{#...+ #
#..#####....#4K3#__+...# { ▓
▓▓▓▓ ▓▓▓▓▓▓▓▓▓▓▓▓▓▓▓▓▓ { { {
{ {{ { { {{ {


You could see an ice devil (summoned), a wizard (invisible), a kobold
demonologist and a sixfirhy (summoned).

Vanquished Creatures
  A shadow (D)
  A water elemental (D)
  A necrophage (D)
  A jelly (D)
  Jessica (D)
  A necromancer (D)
  An endoplasm (D)
  2 rats (D)
9 creatures vanquished.

Vanquished Creatures (collateral kills)
  A human (D)
1 creature vanquished.

Vanquished Creatures (others)
  Crazy Yiuf (D)
1 creature vanquished.

Grand Total: 11 creatures vanquished

Notes
Turn   | Place    | Note
-------+----------+-------------------------------------------
     0 | D        | jt the Formicid Artificer began the quest for the Orb.
     0 | D        | Reached XP level 1. HP: 15/15 MP: 1/1
    14 | D        | Reached skill level 4 in Evocations
    26 | D        | Noticed Jessica
    31 | D        | Killed Jessica
    32 | D        | Reached skill level 7 in Evocations
    32 | D        | Reached XP level 2. HP: 14/21 MP: 2/2
    32 | D        | Reached XP level 3. HP: 18/26 MP: 3/3
    71 | D        | Noticed Crazy Yiuf
    84 | D        | Reached skill level 8 in Evocations
    86 | D        | Noticed a water elemental
    89 | D        | Your ally Crazy Yiuf died
    92 | D        | Killed a water elemental
    93 | D        | Reached skill level 10 in Evocations
    93 | D        | Reached XP level 4. HP: 31/32 MP: 4/4
    93 | D        | Reached XP level 5. HP: 36/37 MP: 5/5
   102 | D        | Gained mutation: Your spells are a little harder to cast,
                  | but a little more powerful. [potion of mutation]
   102 | D        | Gained mutation: Your mind is acute. (Int +4, Str/Dex -1)
                  | [potion of mutation]
   102 | D        | Gained mutation: Your spells are harder to cast, but more
                  | powerful. [potion of mutation]
   129 | D        | Found a shadowy altar of Dithmenos.
   130 | D        | Found a basalt altar of Yredelemnul.
   130 | D        | Found a sacrificial altar of Ru.
   134 | D        | Reached skill level 12 in Evocations
   137 | D        | Reached XP level 6. HP: 28/43 MP: 6/6
   194 | D        | Noticed a shadow
   197 | D        | Killed a shadow
   198 | D        | Reached skill level 13 in Evocations
   198 | D        | Reached XP level 7. HP: 52/52 MP: 7/7
   202 | D        | Found a blossoming altar of Fedhas.
   202 | D        | Found a stormy altar of Qazlal.
   202 | D        | Noticed a spatial vortex
   203 | D        | Found a snail-covered altar of Cheibriados.
   203 | D        | Found a burning altar of Makhleb.
   203 | D        | Found a hazy altar of Hepliaklqana.
   203 | D        | Found a shimmering altar of Xom.
   203 | D        | Found an opulent altar of Gozag.
   203 | D        | Found a sparkling altar of Nemelex Xobeh.
   203 | D        | Found a corrupted altar of Lugonu.
   203 | D        | Found a viscous altar of Jiyva.
   207 | D        | Became a worshipper of Gozag Ym Sagoz the Greedy
   295 | D        | Found a radiant altar of Vehumet.
   296 | D        | Found a shimmering blue altar of Sif Muna.
   296 | D        | Found an ancient bone altar of Kikubaaqudgha.
   300 | D        | Noticed an ice devil
   301 | D        | Noticed a sixfirhy
   301 | D        | Slain by an ice devil

Illustrated notes

Levels and vault maps discovered:
D:        dungeon_sprint_mu [sprint_mu_entry_cave, sprint_mu_temple_rooms,
          sprint_mu_d1_horrors, sprint_mu_d2_genie, sprint_mu_d3_branching,
          sprint_mu_orc_legion, sprint_mu_elf_gauntlet, sprint_mu_hive_nellie,
          sprint_mu_lair_fedhas, sprint_mu_vaults_butterflies,
          sprint_mu_slime_circle, sprint_mu_shoals_archi,
          sprint_mu_snake_twists, sprint_mu_blade_basic, sprint_mu_crypt_lich,
          sprint_mu_tomb_spiral, sprint_mu_vestibule_basic,
          sprint_mu_gehenna_hellfire, sprint_mu_dis_giant,
          sprint_mu_tartarus_statrot, sprint_mu_cocytus_islands, sprint_mu_zot1]

Skill      XL: |  1  2  3  4  5  6 |
---------------+-------------------+-----
Evocations     | 7 10 12 13 | 13.0
Fighting       | 3 |  3.5
Maces & Flails | 2 |  2.9
Armour         | 4 |  4.1
Dodging        | 3 |  3.2
Stealth        | 4 |  4.2

Action                   |  1- 3 |  4- 6 |  7- 9 || total
-------------------------+-------+-------+-------++-------
Melee: Club              |     8 |       |       ||     8
       Quarterstaff      |       |     6 |     3 ||     9
       Punch             |       |     1 |       ||     1
Evoke: Wand              |     5 |     3 |       ||     8
  Use: Potion            |       |     1 |       ||     1
 Stab: Sleeping          |     2 |     1 |       ||     3
Armor: Robe              |       |       |     2 ||     2
Dodge: Dodged            |     4 |     7 |     6 ||    17

Table legend: (Time is in decaauts)
 A = Elapsed time spent in this place.
 B = Non-inter-level travel time spent in this place.
 C = Inter-level travel time spent in this place.
 D = Time resting spent in this place.
 E = Time spent auto-exploring this place.
 F = Levels seen in this place.
 G = Mean time per level.
                   A        B        C        D        E       F      G
               +--------+--------+--------+--------+--------+-----+--------+
         Total |    305 |    305 |      0 |    122 |     10 |   1 |  305.0 |
       Dungeon |    305 |    305 |      0 |    122 |     10 |   1 |  305.0 |
               +--------+--------+--------+--------+--------+-----+--------+

Top non-repeatable levels by time:
       D: 305 daAuts
